 Dungeon Crawl Stone Soup version 0.27-a0-1189-gb8eb6cee8e (webtiles) character file.

Game seed: 8235652843079546364

93 Delamore the Shield-Bearer (level 4, -1/29 HPs)
             Began as a Gargoyle Fighter on May 23, 2021.
             Slain by a river rat (8 damage)
             ... in a sewer.
             The game lasted 00:01:53 (2349 turns).

Delamore the Shield-Bearer (Gargoyle Fighter)       Turns: 2349, Time: 00:01:53

Health: -1/29      AC: 10    Str: 20    XL:     4   Next: 61%
Magic:  4/4        EV:  7    Int:  9    God:
Gold:   40         SH: 10    Dex:  9    Spells: 3/3 levels left

rFire    . . .     SeeInvis .   a - +0 flail
rCold    . . .     Faith    .   c - +1 kite shield
rNeg     + . .     Spirit   .   b - +0 scale mail
rPois    ∞         Reflect  .   (no helmet)
rElec    +         Harm     .   (no cloak)
rCorr    .         Rampage  .   (no gloves)
Will     .....                  (no boots)
Stlth    ..........             (no amulet)
HPRegen  0.09/turn              (no ring)
MPRegen  0.09/turn              (no ring)

@: mighty
A: sickness immunity, AC +3, negative energy resistance 1, electricity
resistance, torment resistance 1, petrification resistance
a: no special abilities


You were in a sewer.
You visited 1 branch of the dungeon, and saw 3 of its levels.
You also visited: Sewer.

You collected 40 gold pieces.

Inventory:

Hand Weapons
 a - a +0 flail (weapon)
Missiles
 j - a throwing net (quivered)
Armour
 b - a +0 scale mail (worn)
 c - a +1 kite shield (worn)
Scrolls
 g - a scroll of enchant armour
 h - 3 scrolls of vulnerability
Potions
 e - a potion of resistance {unknown}
 f - 2 potions of ambrosia {unknown}
 i - a potion of brilliance {unknown}


   Skills:
 + Level 4.1 Fighting
 * Level 3.3 Maces & Flails
 - Level 3.2 Armour
 + Level 4.2 Shields


You had 3 spell levels left.
You didn't know any spells.
Your spell library was empty.

Dungeon Overview and Level Annotations

Branches:
Dungeon (3/15)              Sewer (1/1)

Altars:

Annotations:
D:2 Terence


Innate Abilities, Weirdness & Mutations

You are immune to sickness and miasma.
Your stone body is resilient. (AC +3)
You are immune to poison.
You resist negative energy. (rN+)
You are resistant to electric shocks. (rElec)
You are resistant to unholy torment.
You are immune to petrification.


Message History

Found a gate leading back out of this place.
There is an empty arch of ancient stone here.
You block the river rat's attack.
You hit the river rat but do no damage.
The river rat bites you but does no damage.
Your shield and scale mail prevent you from hitting the river rat.
The river rat bites you.
The river rat bites you but does no damage.
You completely miss the river rat. The river rat bites you.
You are too injured to fight recklessly!
You are too injured to fight recklessly!
You are too injured to fight recklessly!
You are too injured to fight recklessly!
You are too injured to fight recklessly!
You are too injured to fight recklessly!
You are too injured to fight recklessly!
You are too injured to fight recklessly!
You are too injured to fight recklessly!
You are too injured to fight recklessly!
You are too injured to fight recklessly!
You are too injured to fight recklessly!
You are too injured to fight recklessly!
You are too injured to fight recklessly!
You are too injured to fight recklessly!
You are too injured to fight recklessly!
You barely miss the river rat. The river rat bites you.
The river rat barely misses you.
You barely miss the river rat. The river rat barely misses you. x2
The river rat twitches its whiskers.
You block the river rat's attack. The river rat closely misses you.
You closely miss the river rat. The river rat bites you.
* * * LOW HITPOINT WARNING * * *
The river rat barely misses you.
You feel very mighty all of a sudden. The river rat bites you.
* * * LOW HITPOINT WARNING * * *
The river rat bites you but does no damage.
You closely miss the river rat. The river rat barely misses you.
The river rat bites you!
You die...

###
#.#
#.#
#.#
#.#
#∩#
#.#
#r#
#@#
#r#
#r#
#r#
#.#
#.#
#≈#
#≈#


You could see 3 river rats and a rat.

Vanquished Creatures
  3 adders
  2 river rats (D:3)
  2 dart slugs
  4 ball pythons
  2 bats (D:1)
  3 endoplasms
  A giant cockroach (D:1)
  5 goblins
  5 hobgoblins
  4 jackals (D:2)
  5 kobolds
  A frilled lizard (D:2)
  6 rats
43 creatures vanquished.

Notes
Turn   | Place    | Note
-------+----------+-------------------------------------------
     0 | D:1      | Delamore the Gargoyle Fighter began the quest for the Orb.
     0 | D:1      | Reached XP level 1. HP: 14/14 MP: 1/1
   449 | D:1      | Found a faded altar of an unknown god.
   452 | D:1      | Reached XP level 2. HP: 19/19 MP: 2/2
  1136 | D:2      | Reached XP level 3. HP: 20/24 MP: 3/3
  1904 | D:2      | Noticed Terence
  2079 | D:3      | Reached XP level 4. HP: 13/29 MP: 4/4
  2239 | D:3      | Found a glowing drain.
  2340 | Sewer    | Entered a sewer
  2349 | Sewer    | Slain by a river rat

Illustrated notes

Levels and vault maps discovered:
D:1:      dpeg_arrival_boxorama, layout_basic,
          hellmonk_ecumenical_altar_pennies_from_heaven
D:2:      layout_loops_ring, uniq_terence, uniq_sigmund
D:3:      layout_loops_corners, portal_sewer_entry_a
Sewer:    sewer_kobolds

Skill      XL: |  1  2  3  4 |
---------------+-------------+-----
Fighting       | 4 |  4.1
Shields        | 4 |  4.2
Maces & Flails | 3 |  3.3
Armour         | |  3.2

Action                   |  1- 3 |  4- 6 || total
-------------------------+-------+-------++-------
Melee: Flail             |   148 |    56 ||   204
  Use: Scroll            |     3 |       ||     3
       Potion            |       |     1 ||     1
Armor: Scale mail        |    94 |    24 ||   118
Dodge: Dodged            |    48 |    23 ||    71
Block: Kite shield       |   100 |    32 ||   132

Table legend: (Time is in decaauts)
 A = Elapsed time spent in this place.
 B = Non-inter-level travel time spent in this place.
 C = Inter-level travel time spent in this place.
 D = Time resting spent in this place.
 E = Time spent auto-exploring this place.
 F = Levels seen in this place.
 G = Mean time per level.
                   A        B        C        D        E       F      G
               +--------+--------+--------+--------+--------+-----+--------+
         Total |   2455 |   2429 |     26 |    547 |   1392 |   4 |  613.8 |
       Dungeon |   2444 |   2418 |     26 |    547 |   1392 |   3 |  814.7 |
         Sewer |     11 |     11 |      0 |      0 |      0 |   1 |   11.0 |
               +--------+--------+--------+--------+--------+-----+--------+

Top non-repeatable levels by time:
     D:1: 1157 daAuts
     D:2: 828 daAuts
     D:3: 457 daAuts
   Sewer: 11 daAuts
